 Dungeon Crawl Stone Soup version 0.29.0-4-gdea44cf6ec (webtiles) character file.

Game seed: 9935690497820596010

1719 qw the Grappler (level 9, -15/72 HPs)
             Began as a Ghoul Fire Elementalist on Aug 29, 2022.
             Demolished by a two-headed ogre
             ... wielding a +0 giant spiked club
              (23 damage)
             ... on level 6 of the Dungeon.
             The game lasted 00:05:23 (7178 turns).

qw the Grappler (Ghoul Fire Elementalist)           Turns: 7178, Time: 00:05:24

Health: -15/72     AC: 18    Str: 16    XL:     9   Next: 4%
Magic:  10/10      EV:  3    Int: 10    God:
Gold:   232        SH: 13    Dex:  9    Spells: 10/11 levels left

rFire   . . .      SeeInvis .     - Unarmed
rCold   + . .      Faith    .   j - +0 kite shield
rNeg    + + +      Spirit   .   g - +0 plate armour
rPois   inf        Reflect  +   (no helmet)
rElec   .          Harm     .   i - +1 cloak
rCorr   .          Rampage  .   (no gloves)
Will    +....                   k - +0 pair of boots
Stlth   ..........              a - amulet of reflection
HPRegen 0.00/turn               l - +4 ring of protection
MPRegen 0.12/turn               b - ring of willpower

@: about to teleport, inhibited regen
A: claws 1, cold resistance 1, negative energy resistance 3, inhibited
regeneration, torment resistance 2, devour on kill
a: no special abilities


You were on level 6 of the Dungeon.
You visited 2 branches of the dungeon, and saw 7 of its levels.

You collected 232 gold pieces.


Innate Abilities, Weirdness & Mutations

You are immune to poison.
You have sharp fingernails.
Your flesh is cold resistant. (rC+)
You are immune to negative energy. (rN+++)
You do not regenerate when monsters are visible.
You are immune to unholy pain and torment.
You thrive by killing the living.


   Skills:
 - Level 4.4 Fighting
 - Level 3.3 Armour
 - Level 1.7 Dodging
 - Level 2.1 Stealth
 - Level 4.3 Shields
 + Level 8.9 Unarmed Combat
 - Level 1.7 Spellcasting
 - Level 0.7 Conjurations
 - Level 2.4 Fire Magic


You had 10 spell levels left.
You knew the following spells:

 Your Spells              Type           Power      Damage    Failure   Level
a - Foxfire               Conj/Fire      16%        2x1d4     100%        1

Your spell library contained the following spells:

 Spells                   Type           Power      Damage    Failure   Level
 Scorch                   Fire           10%        2d5       100%        2
 Conjure Flame            Conj/Fire      4%         6-21      100%        3
 Inner Flame              Hex/Fire       3%         N/A       100%        3
 Flame Wave               Conj/Fire      4%         2d5       100%        4

Inventory:

Missiles
 n - 14 boomerangs (quivered)
Armour
 g - a +0 plate armour (worn)
 i - a +1 cloak (worn)
 j - a +0 kite shield (worn)
 k - a +0 pair of boots (worn)
Jewellery
 a - an amulet of reflection (around neck)
 b - a ring of willpower (right claw)
 l - a +4 ring of protection (left claw)
Potions
 c - a potion of flight {unknown}
 d - 2 potions of haste
 f - 3 potions of curing
 p - a potion of berserk rage {unknown}
 q - a potion of invisibility {unknown}

Dungeon Overview and Level Annotations

Branches:
Dungeon (6/15)             Temple (1/1) D:4

Altars:
Ashenzari
Cheibriados
Dithmenos
Fedhas
Gozag
Hepliaklqana
Kikubaaqudgha
Makhleb
Nemelex Xobeh
Qazlal
Ru
Sif Muna
Trog
Uskayaw
Vehumet
Wu Jian
Xom
Yredelemnul

Annotations:
D:5 3 runed translucent doors, qw's ghost, novice TeWr


Message History

A two-headed ogre comes into view.
It is wielding a +0 giant spiked club and a +0 giant club.
There is a stone staircase leading down here.
The orc wizard casts a spell at you.
The magic dart hits you but does no damage.
You barely miss the two-headed ogre.
The two-headed ogre hits you with a +0 giant spiked club.
You block the two-headed ogre's attack.
You claw the two-headed ogre!
The two-headed ogre is moderately wounded.
The two-headed ogre hits you but does no damage.
The two-headed ogre hits you with a +0 giant club!
You claw the two-headed ogre!
The two-headed ogre is heavily wounded.
An orc wizard comes into view.
It is wielding a +0 dagger and wearing a +2 robe of fire resistance.
You claw the two-headed ogre!
The two-headed ogre is severely wounded.
You block the two-headed ogre's attack. x2
You scratch the two-headed ogre but do no damage.
The two-headed ogre is severely wounded.
The orc wizard casts a spell at you. You resist with almost no effort.
The orc wizard hits you but does no damage.
You claw the two-headed ogre!
The two-headed ogre is severely wounded.
The two-headed ogre barely misses you.
The two-headed ogre hits you with a +0 giant club.
The orc wizard hits you with a +0 dagger.
You scratch the two-headed ogre but do no damage.
The two-headed ogre is severely wounded.
You block the orc wizard's attack.
The two-headed ogre hits you with a +0 giant spiked club!!
The two-headed ogre hits you with a +0 giant club!
7177 ||| READING scroll of teleportation.
As you read the scroll of teleportation, it crumbles to dust.
You feel strangely unstable.
The orc wizard hits you but does no damage.
You barely miss the two-headed ogre.
The two-headed ogre is severely wounded.
The two-headed ogre hits you with a +0 giant spiked club!!
You die...

############ ..#....#...
.'....'... #+# #....#...
..#############[)''######
:.#......................
###~~~~~~~~~[~~....~o~~~~
~~~~~~~~~~~~~~~oO..~~~~~~
~~~~~~~~~~~~~~~.@..~~~~~~
.........................
....o........)..>.#######
<..##########[(#.## ...#
#.)##[#
.###########.###)#####
...........#.#.).[...#
##..######.#.#.......#
#..# #.#.#.......#


You could see a two-headed ogre and 2 orc wizards.

Vanquished Creatures
  Menkaure (D:4)
  A black bear (D:5)
  2 sky beasts (D:6)
  3 ogres
  A centaur (D:6)
  3 phantoms
  A necrophage (D:4)
  2 gnoll sergeants (D:6)
  Blork the orc (D:4)
  2 howler monkeys (D:6)
  2 orc priests (D:6)
  3 hounds
  3 iguanas
  2 orc wizards (D:6)
  2 gnolls (D:6)
  5 adders
  A shadow imp (D:5)
  A white imp (D:6)
  An ufetubus (D:5)
  A worm (D:2)
  3 dart slugs
  19 orcs
  6 ball pythons
  5 bats
  5 endoplasms
  2 giant cockroaches (D:2)
  4 goblins
  8 hobgoblins
  4 jackals (D:1)
  2 quokkas
  2 frilled lizards (D:3)
  5 kobolds
  10 rats
113 creatures vanquished.

Notes
Turn   | Place    | Note
-------+----------+-------------------------------------------
     0 | D:1      | qw the Ghoul Fire Elementalist began the quest for the Orb.
     0 | D:1      | Reached XP level 1. HP: 14/14 MP: 2/2
     0 | D:1      | 0 ||| qw: Version: 0.1-a-90-g952f4b7
     0 | D:1      | 0 ||| qw: Game counter: 4019
     0 | D:1      | 0 ||| qw: Always use a shield: true
     0 | D:1      | 0 ||| qw: God list: Okawaru
     0 | D:1      | 0 ||| qw: Allow faded altars: false
     0 | D:1      | 0 ||| qw: Do Orc after D:15 true
     0 | D:1      | 0 ||| qw: Do second Lair branch before Depths: true
     0 | D:1      | 0 ||| qw: Lair rune preference: random
     0 | D:1      | 0 ||| qw: Plans: Normal
     0 | D:1      | 0 ||| PLANNING D:1-11
   230 | D:1      | Reached skill level 1 in Unarmed Combat
   274 | D:1      | Found a faded altar of an unknown god.
   426 | D:1      | 426 ||| Stepping ~*~*~tactically~*~*~ (stealth).
   428 | D:1      | 428 ||| Stepping ~*~*~tactically~*~*~ (stealth).
   434 | D:1      | Reached skill level 1 in Fighting
   434 | D:1      | Reached XP level 2. HP: 23/23 MP: 3/3
   459 | D:1      | 459 ||| Stepping ~*~*~tactically~*~*~ (stealth).
   466 | D:1      | 466 ||| Stepping ~*~*~tactically~*~*~ (stealth).
   467 | D:1      | 467 ||| Stepping ~*~*~tactically~*~*~ (stealth).
   468 | D:1      | 468 ||| Stepping ~*~*~tactically~*~*~ (stealth).
   470 | D:1      | 470 ||| Stepping ~*~*~tactically~*~*~ (stealth).
   472 | D:1      | 472 ||| Stepping ~*~*~tactically~*~*~ (stealth).
   800 | D:1      | 800 ||| Stepping ~*~*~tactically~*~*~ (stealth).
   806 | D:1      | Reached skill level 2 in Unarmed Combat
   807 | D:1      | 807 ||| Stepping ~*~*~tactically~*~*~ (stealth).
   964 | D:1      | Reached XP level 3. HP: 28/28 MP: 4/4
  1147 | D:1      | 1147 ||| UPGRADING to +1 scale mail of willpower.
  1157 | D:1      | 1157 ||| DROPPING +0 robe.
  1158 | D:1      | 1158 ||| UPGRADING to +0 chain mail.
  1168 | D:1      | 1168 ||| DROPPING +1 scale mail of willpower.
  1169 | D:1      | 1169 ||| UPGRADING to +1 cloak.
  1174 | D:1      | 1174 ||| UPGRADING to +0 kite shield.
  1179 | D:1      | 1179 ||| UPGRADING to +0 pair of boots.
  1184 | D:1      | 1184 ||| DROPPING potion of magic.
  1539 | D:2      | 1539 ||| Stepping ~*~*~tactically~*~*~ (stealth).
  1546 | D:2      | 1546 ||| Stepping ~*~*~tactically~*~*~ (stealth).
  1552 | D:2      | Reached skill level 1 in Shields
  1553 | D:2      | 1553 ||| Stepping ~*~*~tactically~*~*~ (stealth).
  1554 | D:2      | 1554 ||| Stepping ~*~*~tactically~*~*~ (stealth).
  1771 | D:2      | Reached skill level 3 in Unarmed Combat
  1929 | D:2      | Reached XP level 4. HP: 31/35 MP: 5/5
  2015 | D:2      | 2015 ||| UPGRADING to amulet of reflection.
  2020 | D:2      | 2020 ||| UPGRADING to +4 ring of protection.
  2021 | D:2      | 2021 ||| READING scroll labelled FESOWK IDOW.
  2022 | D:2      | 2022 ||| READING scroll labelled ZANOSA WITUU.
  2023 | D:2      | 2023 ||| READING scroll labelled YHEARHAMOF.
  2024 | D:2      | 2024 ||| READING scroll labelled ELUSTR LIECK.
  2028 | D:2      | 2028 ||| READING scroll labelled LIQISY RASA.
  2434 | D:3      | 2434 ||| Stepping ~*~*~tactically~*~*~ (hiding).
  2699 | D:3      | 2699 ||| Stepping ~*~*~tactically~*~*~ (hiding).
  2997 | D:3      | Found a shadowy altar of Dithmenos.
  3002 | D:3      | 3002 ||| READING scroll labelled CAUD AJIPT.
  3003 | D:3      | 3003 ||| READING scroll labelled OSENWUR YHO.
  3115 | D:4      | 3115 ||| Stepping ~*~*~tactically~*~*~ (stealth).
  3119 | D:4      | 3119 ||| Stepping ~*~*~tactically~*~*~ (stealth).
  3124 | D:4      | 3124 ||| Stepping ~*~*~tactically~*~*~ (stealth).
  3187 | D:4      | Found a staircase to the Ecumenical Temple.
  3188 | D:4      | 3188 ||| PLANNING TEMPLE
  3188 | D:4      | 3188 ||| DRINKING 2 golden potions.
  3189 | D:4      | 3189 ||| DRINKING 2 bubbling pink potions.
  3198 | Temple   | Entered the Ecumenical Temple
  3325 | Temple   | 3325 ||| PLANNING D:1-11
  3451 | D:4      | 3451 ||| Stepping ~*~*~tactically~*~*~ (outnumbered).
  3452 | D:4      | 3452 ||| Stepping ~*~*~tactically~*~*~ (outnumbered).
  3496 | D:4      | Noticed a necrophage
  3508 | D:4      | Killed a necrophage
  3509 | D:4      | Reached XP level 5. HP: 40/40 MP: 6/6
  3517 | D:4      | 3517 ||| Stepping ~*~*~tactically~*~*~ (stealth).
  3518 | D:4      | Noticed Blork the orc
  3519 | D:4      | 3519 ||| Stepping ~*~*~tactically~*~*~ (hiding).
  3537 | D:4      | Killed Blork the orc
  3538 | D:4      | Reached skill level 4 in Unarmed Combat
  3538 | D:4      | Reached XP level 6. HP: 40/47 MP: 7/7
  3540 | D:4      | 3540 ||| Stepping ~*~*~tactically~*~*~ (outnumbered).
  3541 | D:4      | 3541 ||| Stepping ~*~*~tactically~*~*~ (outnumbered).
  3543 | D:4      | 3543 ||| Stepping ~*~*~tactically~*~*~ (outnumbered).
  3544 | D:4      | 3544 ||| Stepping ~*~*~tactically~*~*~ (outnumbered).
  3545 | D:4      | 3545 ||| Stepping ~*~*~tactically~*~*~ (outnumbered).
  3546 | D:4      | 3546 ||| Stepping ~*~*~tactically~*~*~ (outnumbered).
  3547 | D:4      | 3547 ||| Stepping ~*~*~tactically~*~*~ (outnumbered).
  3548 | D:4      | 3548 ||| Stepping ~*~*~tactically~*~*~ (outnumbered).
  3549 | D:4      | 3549 ||| Stepping ~*~*~tactically~*~*~ (outnumbered).
  3550 | D:4      | 3550 ||| Stepping ~*~*~tactically~*~*~ (outnumbered).
  3551 | D:4      | 3551 ||| Stepping ~*~*~tactically~*~*~ (outnumbered).
  3552 | D:4      | 3552 ||| Stepping ~*~*~tactically~*~*~ (outnumbered).
  3806 | D:4      | Noticed Menkaure
  3815 | D:4      | Killed Menkaure
  3816 | D:4      | Reached skill level 3 in Fighting
  4327 | D:4      | 4327 ||| READING scroll labelled BADUAM SIOFEM.
  4328 | D:4      | 4328 ||| DRINKING 2 red potions.
  4329 | D:4      | 4329 ||| DRINKING 3 metallic pink potions.
  4330 | D:4      | 4330 ||| DRINKING 2 puce potions.
  4331 | D:4      | 4331 ||| DROPPING 2 potions of degeneration.
  4332 | D:4      | 4332 ||| DROPPING potion of attraction.
  4376 | D:5      | Entered Level 5 of the Dungeon
  4437 | D:5      | HP: 11/51 [ogre/+0 giant club (7)]
  4438 | D:5      | 4438 ||| READING 2 scrolls of teleportation.
  4438 | D:5      | HP: 5/51 [ogre/+0 giant club (6)]
  4439 | D:5      | 4439 ||| DRINKING 3 potions of heal wounds.
  4500 | D:5      | 4500 ||| Stepping ~*~*~tactically~*~*~ (stealth).
  4607 | D:5      | 4607 ||| Stepping ~*~*~tactically~*~*~ (stealth).
  4609 | D:5      | 4609 ||| Stepping ~*~*~tactically~*~*~ (stealth).
  4612 | D:5      | 4612 ||| Stepping ~*~*~tactically~*~*~ (outnumbered).
  4613 | D:5      | 4613 ||| Stepping ~*~*~tactically~*~*~ (outnumbered).
  4614 | D:5      | 4614 ||| Stepping ~*~*~tactically~*~*~ (outnumbered).
  4684 | D:5      | Noticed a black bear
  4704 | D:5      | Killed a black bear
  4705 | D:5      | Reached skill level 5 in Unarmed Combat
  4705 | D:5      | Reached XP level 7. HP: 34/57 MP: 8/8
  4868 | D:5      | Reached skill level 3 in Shields
  4914 | D:5      | 4914 ||| Stepping ~*~*~tactically~*~*~ (outnumbered).
  4915 | D:5      | 4915 ||| Stepping ~*~*~tactically~*~*~ (outnumbered).
  4916 | D:5      | 4916 ||| Stepping ~*~*~tactically~*~*~ (outnumbered).
  4917 | D:5      | 4917 ||| Stepping ~*~*~tactically~*~*~ (outnumbered).
  4918 | D:5      | 4918 ||| Stepping ~*~*~tactically~*~*~ (outnumbered).
  4919 | D:5      | 4919 ||| Stepping ~*~*~tactically~*~*~ (outnumbered).
  4920 | D:5      | 4920 ||| Stepping ~*~*~tactically~*~*~ (outnumbered).
  4921 | D:5      | 4921 ||| Stepping ~*~*~tactically~*~*~ (outnumbered).
  4922 | D:5      | 4922 ||| Stepping ~*~*~tactically~*~*~ (outnumbered).
  4923 | D:5      | 4923 ||| Stepping ~*~*~tactically~*~*~ (outnumbered).
  4929 | D:5      | 4929 ||| Stepping ~*~*~tactically~*~*~ (outnumbered).
  4930 | D:5      | 4930 ||| Stepping ~*~*~tactically~*~*~ (outnumbered).
  4931 | D:5      | 4931 ||| Stepping ~*~*~tactically~*~*~ (outnumbered).
  4932 | D:5      | 4932 ||| Stepping ~*~*~tactically~*~*~ (outnumbered).
  4933 | D:5      | 4933 ||| Stepping ~*~*~tactically~*~*~ (outnumbered).
  4934 | D:5      | 4934 ||| Stepping ~*~*~tactically~*~*~ (outnumbered).
  4935 | D:5      | 4935 ||| Stepping ~*~*~tactically~*~*~ (outnumbered).
  4936 | D:5      | 4936 ||| Stepping ~*~*~tactically~*~*~ (outnumbered).
  4937 | D:5      | 4937 ||| Stepping ~*~*~tactically~*~*~ (outnumbered).
  4938 | D:5      | 4938 ||| Stepping ~*~*~tactically~*~*~ (outnumbered).
  4940 | D:5      | 4940 ||| Stepping ~*~*~tactically~*~*~ (outnumbered).
  4941 | D:5      | 4941 ||| Stepping ~*~*~tactically~*~*~ (outnumbered).
  4942 | D:5      | 4942 ||| Stepping ~*~*~tactically~*~*~ (outnumbered).
  4943 | D:5      | 4943 ||| Stepping ~*~*~tactically~*~*~ (outnumbered).
  4944 | D:5      | 4944 ||| Stepping ~*~*~tactically~*~*~ (outnumbered).
  4945 | D:5      | 4945 ||| Stepping ~*~*~tactically~*~*~ (outnumbered).
  4946 | D:5      | 4946 ||| Stepping ~*~*~tactically~*~*~ (outnumbered).
  4949 | D:5      | HP: 14/57 [ogre/+0 giant spiked club (20)]
  4950 | D:5      | 4950 ||| READING scroll of teleportation.
  4951 | D:5      | 4951 ||| DRINKING 2 potions of heal wounds.
  4951 | D:5      | HP: 5/57 [shadow imp (5)]
  4952 | D:5      | 4952 ||| DRINKING potion of heal wounds.
  5339 | D:5      | Reached skill level 6 in Unarmed Combat
  5450 | D:5      | Found a runed translucent gate.
  5451 | D:5      | Found a runed translucent gate.
  5452 | D:5      | Found a runed translucent gate.
  5454 | D:5      | Noticed qw's ghost (novice TeWr)
  5640 | D:5      | 5640 ||| Stepping ~*~*~tactically~*~*~ (stealth).
  5650 | D:5      | Reached XP level 8. HP: 26/63 MP: 9/9
  6093 | D:5      | 6093 ||| UPGRADING to ring of willpower.
  6139 | D:6      | Reached skill level 7 in Unarmed Combat
  6419 | D:6      | 6419 ||| Stepping ~*~*~tactically~*~*~ (stealth).
  6421 | D:6      | 6421 ||| Stepping ~*~*~tactically~*~*~ (stealth).
  6425 | D:6      | 6425 ||| Stepping ~*~*~tactically~*~*~ (stealth).
  6530 | D:6      | 6530 ||| Stepping ~*~*~tactically~*~*~ (stealth).
  6540 | D:6      | 6540 ||| Stepping ~*~*~tactically~*~*~ (outnumbered).
  6558 | D:6      | Reached skill level 8 in Unarmed Combat
  6577 | D:6      | 6577 ||| FLEEEEING.
  6578 | D:6      | 6578 ||| FLEEEEING.
  6579 | D:6      | 6579 ||| FLEEEEING.
  6580 | D:6      | 6580 ||| FLEEEEING.
  6581 | D:6      | 6581 ||| FLEEEEING.
  6582 | D:6      | 6582 ||| FLEEEEING.
  6583 | D:6      | 6583 ||| FLEEEEING.
  6584 | D:6      | 6584 ||| FLEEEEING.
  6585 | D:6      | 6585 ||| FLEEEEING.
  6586 | D:6      | 6586 ||| FLEEEEING.
  6587 | D:6      | 6587 ||| FLEEEEING.
  6588 | D:6      | 6588 ||| FLEEEEING.
  6589 | D:6      | 6589 ||| FLEEEEING.
  6590 | D:6      | 6590 ||| STAIRDANCE
  6718 | D:5      | 6718 ||| UPGRADING to +0 plate armour.
  6728 | D:5      | 6728 ||| DROPPING +0 chain mail.
  6773 | D:6      | Found a burning altar of Makhleb.
  6774 | D:6      | Found an opulent altar of Gozag.
  6848 | D:6      | 6848 ||| Stepping ~*~*~tactically~*~*~ (hiding).
  6862 | D:6      | 6862 ||| Stepping ~*~*~tactically~*~*~ (hiding).
  6863 | D:6      | 6863 ||| Stepping ~*~*~tactically~*~*~ (hiding).
  6904 | D:6      | Reached skill level 3 in Armour
  6915 | D:6      | 6915 ||| FLEEEEING.
  6916 | D:6      | 6916 ||| FLEEEEING.
  6917 | D:6      | 6917 ||| FLEEEEING.
  6918 | D:6      | 6918 ||| FLEEEEING.
  6919 | D:6      | 6919 ||| FLEEEEING.
  6920 | D:6      | 6920 ||| FLEEEEING.
  6921 | D:6      | 6921 ||| FLEEEEING.
  6922 | D:6      | 6922 ||| FLEEEEING.
  6923 | D:6      | 6923 ||| FLEEEEING.
  6924 | D:6      | 6924 ||| FLEEEEING.
  6925 | D:6      | 6925 ||| FLEEEEING.
  6926 | D:6      | 6926 ||| FLEEEEING.
  6927 | D:6      | 6927 ||| FLEEEEING.
  6928 | D:6      | 6928 ||| FLEEEEING.
  6929 | D:6      | 6929 ||| FLEEEEING.
  6930 | D:6      | 6930 ||| FLEEEEING.
  6931 | D:6      | 6931 ||| FLEEEEING.
  6932 | D:6      | 6932 ||| FLEEEEING.
  6933 | D:6      | 6933 ||| STAIRDANCE
  7059 | D:6      | Reached XP level 9. HP: 55/72 MP: 10/10
  7152 | D:6      | 7152 ||| Stepping ~*~*~tactically~*~*~ (stealth).
  7153 | D:6      | 7153 ||| Stepping ~*~*~tactically~*~*~ (stealth).
  7154 | D:6      | 7154 ||| Stepping ~*~*~tactically~*~*~ (stealth).
  7164 | D:6      | 7164 ||| Stepping ~*~*~tactically~*~*~ (stealth).
  7166 | D:6      | Noticed a two-headed ogre
  7176 | D:6      | HP: 15/72 [two-headed ogre/+0 giant spiked club (33)]
  7177 | D:6      | 7177 ||| READING scroll of teleportation.
  7178 | D:6      | Demolished by a two-headed ogre

Levels and vault maps discovered:
D:1:      dpeg_arrival_long_road, layout_loops_cross,
          chequers_ecumenical_altar_simple_redux
D:2:      layout_loops_ring, minmay_misc_feat_pillars
D:3:      layout_loops_ring, mainiacjoe_overflow_alcove_1
D:4:      layout_cave_pods, minmay_temple_entry_arrows,
          nicolae_underground_beach, uniq_menkaure, uniq_blork_the_orc
D:5:      layout_basic, gammafunk_ghost_nasty_kobolds, minivault_11,
          nicolae_hexahallways
D:6:      lemuel_castle_with_subvaults [lemuel_castle_interior_carwin_1],
          layout_basic, nicolae_overflow_squiral, nrook_campfire
Temple:   minmay_crystal_spiral_temple

Skill      XL: |  1  2  3  4  5  6  7  8 |
---------------+-------------------------+-----
Unarmed Combat | 1 2 3 4 5 6 8 |  8.9
Fighting       | 1 3 4 |  4.4
Shields        | 1 2 3 4 |  4.3
Armour         | 2 3 |  3.3
Dodging        | |  1.7
Stealth        | |  2.1
Spellcasting   | |  1.7
Conjurations   | |  0.7
Fire Magic     | |  2.4

Action                   |  1- 3 |  4- 6 |  7- 9 || total
-------------------------+-------+-------+-------++-------
Melee: Unarmed           |   146 |   199 |   194 ||   539
Throw: Boomerang         |       |    19 |    23 ||    42
  Use: Scroll            |       |     9 |     2 ||    11
       Potion            |       |     6 |     2 ||     8
Armor: Robe              |    15 |       |       ||    15
       Chain mail        |    39 |    85 |    72 ||   196
       Plate armour      |       |       |    27 ||    27
Dodge: Dodged            |    41 |    25 |    24 ||    90
Block: Kite shield       |    24 |   126 |   146 ||   296
       Reflection        |       |     4 |     3 ||     7

Table legend:
 A = Non-vault XP
 B = Vault XP
 C = Vault XP percentage of total XP
 D = Non-vault monster count
 E = Vault monster count
 F = Vault count percentage of total count
                 A         B        C        D         E       F
            +---------+---------+-------+---------+---------+-------
      Total |    1653 |     804 |  32.7 |      95 |      18 |  15.9
            +---------+---------+-------+---------+---------+-------
        D:1 |      39 |       0 |   0.0 |      25 |       0 |   0.0
        D:2 |      43 |       0 |   0.0 |      17 |       0 |   0.0
        D:3 |      45 |       0 |   0.0 |      11 |       0 |   0.0
        D:4 |     143 |     238 |  62.5 |      18 |       2 |  10.0
        D:5 |     694 |       0 |   0.0 |      16 |       0 |   0.0
        D:6 |     689 |     566 |  45.1 |       8 |      16 |  66.7
            +---------+---------+-------+---------+---------+-------
